 Dungeon Crawl Stone Soup version 0.26-a0-651-gb41185065b (webtiles) character file.

Game seed: 4279249273555612042

95 Irenicus the Chopper (level 4, -9/40 HPs)
             Began as a Deep Dwarf Berserker on Oct 1, 2020.
             Was a Believer of Trog.
             Engulfed by a cloud of flame (21 damage)
             ... on level 3 of the Dungeon.
             The game lasted 00:06:32 (887 turns).

Irenicus the Chopper (Deep Dwarf Berserker)          Turns: 887, Time: 00:06:32

Health: -9/40      AC: 11    Str: 26    XL:     4   Next: 40%
Magic:  4/4        EV: 12    Int:  8    God:    Trog [**....]
Gold:   100        SH:  0    Dex: 13    Spells: 3/3 levels left

rFire    . . .     SeeInvis .   a - +0 hand axe
rCold    . . .     Faith    .   (no shield)
rNeg     . . .     Spirit   .   p - +0 ring mail
rPois    .         Reflect  .   d - +2 helmet
rElec    .         Harm     .   (no cloak)
rCorr    .         Rampage  .   e - +2 pair of gloves
MR       .....                  (no boots)
Stlth    +.........             (no amulet)
HPRegen  0.00/turn              j - +6 ring of strength (curse)
MPRegen  0.09/turn              (no ring)

@: lethally poisoned (-9 -> -9), non-regenerating
A: damage resistance, heal wounds, sense surroundings 1, no regeneration
a: Heal Wounds, Berserk, Trog's Hand, Renounce Religion


You were on level 3 of the Dungeon.
You worshipped Trog.
Trog was pleased with you.
You visited 1 branch of the dungeon, and saw 3 of its levels.

You collected 100 gold pieces.

Inventory:

Hand Weapons
 a - a +0 hand axe (weapon)
Armour
 d - a +2 helmet (worn)
   (You found it on level 1 of the Dungeon)
 e - a +2 pair of gloves (worn)
   (You found it on level 1 of the Dungeon)
 p - a +0 ring mail (worn)
   (You found it on level 2 of the Dungeon)
Jewellery
 j - a cursed +6 ring of strength (left hand)
   (You found it on level 2 of the Dungeon)
Scrolls
 c - 2 scrolls of remove curse
 h - 2 scrolls of enchant armour
 l - a scroll of teleportation {unknown}
 m - a scroll of immolation {unknown}
 n - a scroll of fog {unknown}
 o - a scroll of blinking {unknown}
Potions
 b - a potion of mutation {unknown}
 f - 2 potions of heal wounds {unknown}
 g - a potion of curing
 i - a potion of lignification {!q}


   Skills:
 - Level 2.6 Fighting
 + Level 5.8 Axes
 - Level 2.1 Armour
 - Level 2.1 Dodging


You had 3 spell levels left.
You didn't know any spells.
Your spell library was empty.

Dungeon Overview and Level Annotations

Branches:
Dungeon (3/15)

Altars:
Makhleb
Vehumet


Innate Abilities, Weirdness & Mutations

You are resistant to damage.
You can heal yourself by infusing magical energy.
You passively map a small area around you.
You do not regenerate.


Message History

As you read the scroll labeled EGREAD FURUMM, it crumbles to dust.
It is a scroll of enchant armour.
Your +1 pair of gloves glows green for a moment.
Okay, then.
As you read the scroll labeled NEM SIULUFITAE, it crumbles to dust.
It is a scroll of identify.
i - a potion of lignification
As you read the scroll of identify, it crumbles to dust.
g - a potion of curing A goblin comes into view.
It is wielding a +0 club.
The goblin shouts!
Found an escape hatch in the ceiling.
A dart slug comes into view.
A hobgoblin comes into view. It is wielding a +0 club.
The goblin hits you with a +0 club.
The hobgoblin shouts!
You hit the goblin.
The goblin is heavily wounded.
The goblin barely misses you.
You hit the goblin.
You kill the goblin!
Trog accepts your kill.
You slash the hobgoblin!
You kill the hobgoblin!
Trog accepts your kill.
You hit the dart slug.
The dart slug is lightly wounded.
The dart slug bites you but does no damage.
You hit the dart slug.
The dart slug is severely wounded.
You hit the dart slug.
The dart slug is almost dead.
The dart slug bites you but does no damage.
You hit the dart slug.
You kill the dart slug!
Trog accepts your kill.
Things that are here:
a +0 club; a +0 club; a dart slug corpse You open the large door.
A leopard gecko comes into view.
There is a large open door here.
You hit the leopard gecko but do no damage.
The leopard gecko closely misses you.
You miss the leopard gecko. The leopard gecko barely misses you.
The leopard gecko bites you but does no damage.
You hit the leopard gecko.
You kill the leopard gecko!
Trog accepts your kill.
You see here a leopard gecko corpse.
You open the large door.
There is a large open door here.
You open the door.
A bat comes into view.
The bat closely misses you.
You hit the bat.
You kill the bat!
Trog accepts your kill.
There is an open door here.
A kobold comes into view. It is quivering 5 poisoned darts.
The kobold shouts!
The kobold throws a poisoned dart.
The poisoned dart barely misses you.
You see here a poisoned dart.
The kobold throws a poisoned dart.
The poisoned dart hits you!
You are poisoned.
You see here a poisoned dart.
The kobold throws a poisoned dart.
The poisoned dart hits you!
You are more poisoned.
You see here a poisoned dart.
The kobold throws a poisoned dart.
The poisoned dart hits you!
You are more poisoned.
You see here a poisoned dart.
You feel sick. The kobold hits you but does no damage.
You take 2 damage, and have 18/40 hp.
You hit the kobold.
The kobold is moderately wounded.
You feel sick. The kobold barely misses you.
You take 2 damage, and have 16/40 hp.
You barely miss the kobold.
The kobold is moderately wounded.
You feel sick. The kobold misses you.
You take 2 damage, and have 14/40 hp.
You hit the kobold but do no damage.
The kobold is moderately wounded.
You feel sick. The kobold closely misses you.
You take 2 damage, and have 12/40 hp.
You hit the kobold.
You kill the kobold!
Trog accepts your kill.
Things that are here:
a poisoned dart; a kobold corpse
Found a stone staircase leading up.
Found an escape hatch in the floor.
Found a radiant altar of Vehumet.
Really walk into a travel-excluded area?
Okay, then.
Really walk into a travel-excluded area?
A worm comes into view.
You are engulfed in blazing flames.
Ouch! That really hurt!
You die...

, ####.#.#
#.#.# , #.#.#
#.#.# *
#.#.##### , ,
, *,
,#....§.§#
##.###.§...#
,#.....§._°.##
*
######.@.§..#
#w.....§..# *
#.#.#..>..# *
# #.####.## ,
.? .# * ##[ ,#
#. * * , , *


You could see a worm (asleep).

Vanquished Creatures
  3 adders
  2 dart slugs
  4 leopard geckos
  2 ball pythons
  11 goblins
  11 hobgoblins
  5 jackals
  6 bats
  2 frilled lizards (D:1)
  5 kobolds
  5 rats (D:1)
56 creatures vanquished.

Notes
Turn   | Place    | Note
-------+----------+-------------------------------------------
     0 | D:1      | Irenicus the Deep Dwarf Berserker began the quest for the
                  | Orb.
     0 | D:1      | Reached XP level 1. HP: 20/20 MP: 1/1
    28 | D:1      | Reached skill level 4 in Axes
    28 | D:1      | Reached XP level 2. HP: 18/27 MP: 2/2
   164 | D:1      | HP: 5/27 [hobgoblin/+0 club (3)]
   206 | D:1      | HP: 2/27 [goblin/+0 club (3)]
   220 | D:1      | Reached ** piety under Trog
   221 | D:1      | Reached XP level 3. HP: 33/33 MP: 3/3
   505 | D:2      | Reached skill level 5 in Axes
   574 | D:2      | Reached XP level 4. HP: 21/40 MP: 4/4
   677 | D:2      | Found a burning altar of Makhleb.
   882 | D:3      | Found a radiant altar of Vehumet.
   887 | D:3      | Engulfed by a cloud of flame

Illustrated notes

Levels and vault maps discovered:
D:1:      wander_arrival_desolate, layout_rooms
D:2:      layout_basic, nicolae_overflow_crystal_walls
D:3:      layout_basic, fiery_altar_vehumet, gammafunk_ghost_icy,
          kennysheep_generic_room_12, uniq_sigmund

Skill      XL: |  1  2  3 |
---------------+----------+-----
Axes           | 4 5 |  5.8
Fighting       | |  2.6
Armour         | |  2.1
Dodging        | |  2.1

Action                   |  1- 3 |  4- 6 || total
-------------------------+-------+-------++-------
Melee: Hand axe          |   107 |    24 ||   131
Invok: Berserk           |     4 |       ||     4
 Abil: Heal Wounds       |     1 |       ||     1
  Use: Scroll            |     2 |     3 ||     5
Armor: Animal skin       |    11 |       ||    11
       Scale mail        |    23 |       ||    23
       Ring mail         |       |    11 ||    11
Dodge: Dodged            |    86 |    17 ||   103

Table legend: (Time is in decaauts)
 A = Elapsed time spent in this place.
 B = Non-inter-level travel time spent in this place.
 C = Inter-level travel time spent in this place.
 D = Time resting spent in this place.
 E = Time spent auto-exploring this place.
 F = Levels seen in this place.
 G = Mean time per level.
                   A        B        C        D        E       F      G
               +--------+--------+--------+--------+--------+-----+--------+
         Total |    932 |    932 |      0 |      0 |      0 |   3 |  310.7 |
       Dungeon |    932 |    932 |      0 |      0 |      0 |   3 |  310.7 |
               +--------+--------+--------+--------+--------+-----+--------+

Top non-repeatable levels by time:
     D:1: 451 daAuts
     D:2: 394 daAuts
     D:3: 85 daAuts

Table legend:
 A = Kills in this place as a percentage of kills in entire the game.
 B = Kills by you in this place as a percentage of kills by you in the entire game.
 C = Kills by friends in this place as a percentage of kills by friends in the entire game.
 D = Other kills in this place as a percentage of other kills in the entire game.
 E = Experience gained in this place as a percentage of experience gained in the entire game.
 F = Experience gained in this place divided by the number of levels of this place that you have seen.
                   A       B       C       D       E      F
               +-------+-------+-------+-------+-------+----------------------
         Total | 100.0 | 100.0 |   N/A |   N/A | 100.0 |  45.7
       Dungeon | 100.0 | 100.0 |   N/A |   N/A | 100.0 |  45.7
               +-------+-------+-------+-------+-------+----------------------
